 Dungeon Crawl Stone Soup version 0.31-a0-845-g9abc20d24f (webtiles) character file.

Game seed: 17342638007647218299

32 subawu the Ruffian (level 3, -4/28 HPs)
             Began as a Gnoll Shapeshifter on Oct 2, 2023.
             Slain by a gnoll
             ... wielding a +0 halberd
              (11 damage)
             ... on level 2 of the Dungeon.
             The game lasted 00:01:35 (323 turns).

subawu the Ruffian (Gnoll Shapeshifter)              Turns: 323, Time: 00:01:36

Health: -4/28      AC:  2    Str: 15    XL:     3   Next: 25%
Magic:  2/4        EV: 13    Int:  9    God:
Gold:   17         SH:  0    Dex: 11    Spells: 3/3 levels left

rFire   . .          .
                       - Unarmed
rCold   . . .        (no shield)
rNeg    . . .        a - +0 animal skin
rPois   .            (helmet currently unavailable)
rElec   .            (cloak currently unavailable)
rCorr   .            (gloves currently unavailable)
SInv    .            (boots currently unavailable)
Will    .....        (no amulet)
Stlth   +            (no ring)
HPRegen 0.24/turn    (no ring)
MPRegen 0.09/turn

%: no passive effects
@: beast-form
A: beast (slay +3), fangs 1, strong nose, distributed training
a: Begin Untransformation


You were on level 2 of the Dungeon.
You were a hulking beast.
You visited 1 branch of the dungeon, and saw 2 of its levels.

You collected 17 gold pieces.

Inventory:

Armour
 a - a +0 animal skin (worn)
Talismans
 c - a beast talisman (active)
 d - a flux talisman
Scrolls
 f - a scroll of immolation {unknown}
 g - a scroll of identify {unknown}
Potions
 b - a potion of lignification
 e - 2 potions of attraction {unknown}


   Skills:
 + Level 2.6 Fighting
 + Level 0.7 Short Blades
 + Level 0.7 Long Blades
 + Level 0.7 Axes
 + Level 0.7 Maces & Flails
 + Level 0.7 Polearms
 + Level 0.7 Staves
 + Level 0.7 Ranged Weapons
 + Level 0.7 Throwing
 + Level 0.7 Armour
 + Level 4.5 Dodging
 + Level 0.7 Stealth
 + Level 0.7 Shields
 + Level 6.5 Unarmed Combat
 + Level 0.7 Spellcasting
 + Level 0.5 Conjurations
 + Level 0.5 Hexes
 + Level 0.5 Summonings
 + Level 0.5 Necromancy
 + Level 0.5 Translocations
 + Level 0.5 Transmutations
 + Level 0.5 Fire Magic
 + Level 0.5 Ice Magic
 + Level 0.5 Air Magic
 + Level 0.5 Earth Magic
 + Level 0.5 Poison Magic
 + Level 0.9 Invocations
 + Level 0.7 Evocations
 + Level 6.5 Shapeshifting


You had 3 spell levels left.
You didn't know any spells.
Your spell library was empty.

Dungeon Overview and Level Annotations

Branches:
Dungeon (2/15)

Altars:


Innate Abilities, Weirdness & Mutations

You are a hulking beast.
Your limbs bulge with bestial killing power. (Slay +3)
You have very sharp teeth.
Your uncanny sense of smell can sniff out nearby items.
Your experience applies equally to all skills.


Message History

The bat closely misses you.
A gnoll comes into view. It is wielding a +0 halberd.
You hear an angry hiss.
The bat barely misses you. The gnoll barely misses you. The bat hits you.
You punch the bat!
You kill the bat!
You hit the gnoll. You bite the gnoll.
The gnoll is heavily wounded.
An adder comes into view.
The gnoll barely misses you. x2
You punch the gnoll!
You kill the gnoll!
The gnoll hits you with a +0 flail!
Found a robe.
The gnoll barely misses you.
Things that are here:
a +0 spear; a bat corpse The gnoll completely misses you.
The gnoll hits you with a +0 flail.
Things that are here:
a +0 spear; a bat corpse You hit the gnoll.
You punch the gnoll!
The gnoll is severely wounded.
The gnoll hits you with a +0 flail.
* * * LOW HITPOINT WARNING * * *
You barely miss the gnoll.
The gnoll is severely wounded.
The gnoll closely misses you.
You punch the gnoll!
You kill the gnoll!
The bat hits you but does no damage.
You have reached level 3!
Your experience leads to an increase in your attributes!
Increase (S)trength, (I)ntelligence, or (D)exterity?
You feel stronger. x2
Unknown command.
The bat misses you.
Found a scroll labelled KILEPT ROSSEU.
The bat hits you but does no damage.
The gnoll hits you from afar with a +0 halberd!
You die...

### #.. ..# #.# #.#
####.# #.# ..##.### #.#
#...<..#######<#
...............## #
.#.###.######>..##.#####
.#.# #........#bh.......
.... ########.).#?#.####
##..# ##g##.# #..# #S#
.# #..# #g. .. #...
#..... ....#.. ...#.#.
[.#.#.#


You could see a gnoll, an adder and a bat.

Vanquished Creatures
  2 gnolls (D:2)
  A dart slug (D:1)
  A ball python (D:1)
  A bat (D:2)
  An endoplasm (D:1)
  A hobgoblin (D:2)
  A kobold (D:1)
  A quokka (D:1)
  A frilled lizard (D:1)
10 creatures vanquished.

Notes
Turn   | Place    | Note
-------+----------+-------------------------------------------
     0 | D:1      | subawu the Gnoll Shapeshifter began the quest for the Orb.
     0 | D:1      | Reached XP level 1. HP: 17/17 MP: 1/1
    94 | D:1      | Reached XP level 2. HP: 10/23 MP: 2/2
   321 | D:2      | Reached XP level 3. HP: 7/28 MP: 2/4
   323 | D:2      | Slain by a gnoll

Illustrated notes

Levels and vault maps discovered:
D:1:      moated_graveyard_arrival, layout_basic, due_unseen_surprise
D:2:      layout_loops_ring, nicolae_the_louvre

Action                     || total
---------------------------++-------
  Melee: Unarmed           ||    19
         Bite              ||     2
         Punch             ||     1
   Stab: Sleeping          ||     1
 Armour: Animal skin       ||    18
  Dodge: Dodged            ||    24

Table legend: (Time is in decaauts)
 A = Elapsed time spent in this place.
 B = Non-inter-level travel time spent in this place.
 C = Inter-level travel time spent in this place.
 D = Time resting spent in this place.
 E = Time spent auto-exploring this place.
 F = Levels seen in this place.
 G = Mean time per level.
                   A        B        C        D        E       F      G
               +--------+--------+--------+--------+--------+-----+--------+
         Total |    320 |    308 |     12 |      0 |    105 |   2 |  160.0 |
       Dungeon |    320 |    308 |     12 |      0 |    105 |   2 |  160.0 |
               +--------+--------+--------+--------+--------+-----+--------+

Top non-repeatable levels by time:
     D:1: 247 daAuts
     D:2: 72 daAuts
